[Event "26th OIBM 2023"]
[Site "Gmund am Tegernsee"]
[Date "2023.10.28"]
[Round "1.1"]
[White "Billio, Atto"]
[Black "Lagarde, Maxime"]
[Result "0-1"]
[ECO "A10"]
[WhiteElo "2098"]
[BlackElo "2626"]
[Annotator "TA"]
[PlyCount "76"]
[EventDate "2023.10.04"]
[EventType "swiss"]
[EventCountry "GER"]
[SourceTitle "playchess.com"]
[Source "ChessBase"]
[SourceQuality "1"]
[TimeControl "40/5400+30:1800+30"]

1. c4 b6 2. Nc3 Bb7 3. e4 e5 4. Nf3 Nc6 5. g3 Bc5 6. Bg2 {[%emt 0:00:00][%cal Of3e5] A10: English Opening: Unusual Replies for Black.} d6 7. a3 a5 8. O-O {[%emt 0:00:00] The position is equal.} Nge7 9. Rb1 O-O 10. d3 Qd7 {[%emt 0:04:45] [#]} 11. Bd2 $146 ({Predecessor:} 11. Nh4 Bd4 12. Kh1 Ng6 13. Nf5 Nce7 14. Nxd4 exd4 15. Nd5 Nxd5 16. cxd5 Ne7 17. b4 {½-½ Warakomski,T (2534)-Bartel,M (2619) POL-ch Lotto 79th 2022 (1.1)}) 11... f5 12. Bh3 Nd4 13. Nxd4 Bxd4 14. Ne2 Qe8 15. Nxd4 exd4 16. f3 Qg6 (16... Qh5 $5 17. Bg2 Ng6 $11) 17. Bg2 fxe4 18. fxe4 Nc6 19. Rxf8+ (19. e5 {is more complex.} Qxd3 20. Bd5+ Kh8 21. Bf4) 19... Rxf8 20. Qe2 Ne5 21. Bf4 Bc8 22. Bxe5 Bg4 23. Qd2 dxe5 24. Rf1 Ra8 25. h3 Bd7 26. Kh2 a4 27. h4 Qe6 28. Rf5 Qd6 (28... g6 $5 ) 29. Rf1 b5 30. cxb5 Bxb5 31. Bh3 c5 32. Rf3 (32. Qc2 $11 {remains equal.}) 32... c4 $17 33. dxc4 Bxc4 34. h5 Rb8 35. Rf2 h6 {[%emt 0:04:26] Black is more active.} 36. g4 $2 {[%emt 0:01:24] [#]} (36. Bf5 $17 {might work better.}) 36... Qe7 {[%emt 0:02:25] Hoping for ...Rb3.} 37. Rf5 $2 (37. g5 {was the crucial defense.}) 37... Be6 38. Rf2 (38. Rf3) 38... Qh4 {[%emt 0:42:25] Weighted Error Value: White=0.39/Black=0.18 (very precise)} 0-1

[Event "26th OIBM 2023"]
[Site "Gmund am Tegernsee"]
[Date "2023.10.28"]
[Round "1.3"]
[White "Krahe, Frank"]
[Black "Mastrovasilis, Dimitrios"]
[Result "0-1"]
[ECO "B50"]
[WhiteElo "2094"]
[BlackElo "2573"]
[Annotator "ChessBase"]
[PlyCount "60"]
[EventDate "2023.10.04"]
[EventType "swiss"]
[EventCountry "GER"]
[SourceTitle "playchess.com"]
[Source "ChessBase"]
[SourceQuality "1"]
[TimeControl "40/5400+30:1800+30"]

1. e4 c5 2. Nf3 e6 3. d3 Nc6 4. Nbd2 d6 5. g3 Nf6 6. Bg2 Be7 7. O-O O-O 8. c3 Bd7 9. Re1 Rc8 10. a3 b5 11. d4 cxd4 12. cxd4 Qc7 13. Nf1 Na5 14. Bd2 Nc4 15. b3 Nxd2 16. N1xd2 Qb6 17. Qb1 Rc7 18. Qb2 Rfc8 19. Rac1 Bf8 20. h3 Be8 21. Nh2 Rxc1 22. Rxc1 Rxc1+ 23. Qxc1 Qxd4 24. Nhf3 Qb6 25. Qb2 d5 26. exd5 Nxd5 27. Ne4 Qc7 28. h4 h6 29. Ne5 a5 30. Kh2 Qe7 0-1

[Event "26th OIBM 2023"]
[Site "Gmund am Tegernsee"]
[Date "2023.10.28"]
[Round "1.4"]
[White "Bauer, Christian"]
[Black "Ernst, Robert"]
[Result "1-0"]
[ECO "A11"]
[WhiteElo "2552"]
[BlackElo "2093"]
[Annotator "ChessBase"]
[PlyCount "89"]
[EventDate "2023.10.04"]
[EventType "swiss"]
[EventCountry "GER"]
[SourceTitle "playchess.com"]
[Source "ChessBase"]
[SourceQuality "1"]
[TimeControl "40/5400+30:1800+30"]

1. Nf3 d5 2. c4 c6 3. e3 Nf6 4. Nc3 a6 5. h3 b5 6. b3 Bf5 7. Bb2 h6 8. d4 e6 9. Bd3 Bxd3 10. Qxd3 Be7 11. O-O O-O 12. Rfc1 Nbd7 13. cxd5 cxd5 14. Rc2 Qb8 15. Rac1 Qb7 16. a4 b4 17. Ne2 Rfc8 18. Nf4 Ne4 19. Ne5 Nxe5 20. dxe5 Nc5 21. Qd1 Rc6 22. Bd4 Rac8 23. g3 Nd7 24. Nd3 Nb8 25. h4 Rxc2 26. Rxc2 Rc6 27. Kh2 Rxc2 28. Qxc2 Qc6 29. Qd1 Nd7 30. Kh3 Qc7 31. f4 h5 32. f5 exf5 33. Qxh5 Qc2 34. e6 fxe6 35. Qe8+ Bf8 36. Qxe6+ Kh8 37. Qxf5 Qd1 38. Nf2 Qf1+ 39. Kh2 Bd6 40. Qh5+ Kg8 41. Qxd5+ Kh8 42. Qg2 Qb1 43. Qa8+ Nb8 44. Qd5 Qf1 45. e4 1-0

[Event "26th OIBM 2023"]
[Site "Gmund am Tegernsee"]
[Date "2023.10.28"]
[Round "1.5"]
[White "Beckmann, Klaus"]
[Black "Petrov, Nikita"]
[Result "0-1"]
[ECO "C68"]
[WhiteElo "2258"]
[BlackElo "2551"]
[Annotator "ChessBase"]
[PlyCount "67"]
[EventDate "2023.10.04"]
[EventType "swiss"]
[EventCountry "GER"]
[SourceTitle "playchess.com"]
[Source "ChessBase"]
[SourceQuality "1"]
[TimeControl "40/5400+30:1800+30"]

1. e4 e5 2. Nf3 Nc6 3. Bb5 a6 4. Bxc6 dxc6 5. h3 Ne7 6. d4 exd4 7. Qxd4 Qxd4 8. Nxd4 Ng6 9. Be3 f6 10. Nd2 c5 11. Ne2 Be6 12. O-O Ne5 13. b3 O-O-O 14. Rfd1 Be7 15. Nf1 Nc6 16. Nf4 Bf7 17. c4 Bd6 18. Nd5 Rhe8 19. f3 Nd4 20. Nc3 Be5 21. Rac1 b6 22. Kf2 Rd7 23. Ne2 g5 24. Bxd4 cxd4 25. Rd3 c5 26. g4 h5 27. Nfg3 hxg4 28. hxg4 Rh8 29. Rh1 Rxh1 30. Nxh1 b5 31. Rd1 bxc4 32. bxc4 Bxc4 33. Rc1 d3 34. Ra1 0-1

[Event "26th OIBM 2023"]
[Site "Gmund am Tegernsee"]
[Date "2023.10.28"]
[Round "1.6"]
[White "Van Foreest, Lucas"]
[Black "Freundorfer, Josef"]
[Result "1-0"]
[ECO "A35"]
[WhiteElo "2540"]
[BlackElo "2092"]
[Annotator "ChessBase"]
[PlyCount "51"]
[EventDate "2023.10.04"]
[EventType "swiss"]
[EventCountry "GER"]
[SourceTitle "playchess.com"]
[Source "ChessBase"]
[SourceQuality "1"]
[TimeControl "40/5400+30:1800+30"]

1. c4 c5 2. Nf3 Nc6 3. Nc3 g6 4. e3 Bg7 5. d4 cxd4 6. exd4 d6 7. Be2 Nf6 8. d5 Ne5 9. Nxe5 dxe5 10. O-O O-O 11. Be3 Ne8 12. a4 f5 13. f3 f4 14. Bf2 Nd6 15. c5 Nf5 16. a5 Kh8 17. Qd2 Nd4 18. Bc4 e6 19. d6 Bd7 20. b4 a6 21. Na4 Nc6 22. Nb6 e4 23. fxe4 Ne5 24. Bd4 Bc6 25. Nxa8 Qxa8 26. Qc3 1-0

[Event "26th OIBM 2023"]
[Site "Gmund am Tegernsee"]
[Date "2023.10.28"]
[Round "1.7"]
[White "Martin Fernandez, Rodrigo"]
[Black "Stocek, Jiri"]
[Result "0-1"]
[ECO "E11"]
[WhiteElo "2092"]
[BlackElo "2535"]
[Annotator "ChessBase"]
[PlyCount "128"]
[EventDate "2023.10.04"]
[EventType "swiss"]
[EventCountry "GER"]
[SourceTitle "playchess.com"]
[Source "ChessBase"]
[SourceQuality "1"]
[TimeControl "40/5400+30:1800+30"]

1. d4 Nf6 2. c4 e6 3. Nf3 Bb4+ 4. Nbd2 h6 5. g3 b6 6. Bg2 Bb7 7. O-O O-O 8. a3 Bxd2 9. Bxd2 Be4 10. Ne5 d6 11. Nd3 Bxg2 12. Kxg2 Nbd7 13. Bc3 Re8 14. Rc1 a5 15. b3 Qc8 16. f3 d5 17. a4 Qb7 18. Re1 Rac8 19. c5 Qa8 20. Bb2 bxc5 21. Nxc5 Nxc5 22. Rxc5 Nd7 23. Rc3 e5 24. dxe5 c5 25. f4 d4+ 26. Rf3 Red8 27. Kg1 Nb6 28. Qd3 Nd5 29. Qe4 Re8 30. Rc1 Qb7 31. Ba3 Qd7 32. Rxc5 Nc3 33. Qd3 Rxc5 34. Bxc5 Qd5 35. Qc4 Qc6 36. Kf2 Ne4+ 37. Kg2 Qxc5 38. Rd3 Rd8 39. e3 Qxc4 40. bxc4 Nc5 41. Rxd4 Rd7 42. Kf3 Kf8 43. Ke2 Ke8 44. Rd5 Rxd5 45. cxd5 Nxa4 46. Kd3 Nb2+ 47. Kc2 Nc4 48. Kd3 Nb6 49. e4 a4 50. Kc3 a3 51. Kb3 Nc4 52. Ka2 h5 53. Kb3 g5 54. fxg5 Nxe5 55. Kxa3 Nf3 56. h4 Nd2 57. e5 Ne4 58. Kb4 Nxg3 59. Kc5 Nf5 60. Kc6 Nxh4 61. Kc7 Ng6 62. e6 fxe6 63. d6 Ne5 64. g6 h4 0-1

[Event "26th OIBM 2023"]
[Site "Gmund am Tegernsee"]
[Date "2023.10.28"]
[Round "1.8"]
[White "Kulaots, Kaido"]
[Black "Hofmann, Lorenz"]
[Result "1-0"]
[ECO "B11"]
[WhiteElo "2508"]
[BlackElo "2091"]
[Annotator "ChessBase"]
[PlyCount "99"]
[EventDate "2023.10.04"]
[EventType "swiss"]
[EventCountry "GER"]
[SourceTitle "playchess.com"]
[Source "ChessBase"]
[SourceQuality "1"]
[TimeControl "40/5400+30:1800+30"]

1. e4 c6 2. Nf3 d5 3. Nc3 Bg4 4. h3 Bxf3 5. Qxf3 e6 6. d4 dxe4 7. Qxe4 Nf6 8. Qd3 Bb4 9. Be2 O-O 10. O-O Nbd7 11. Bf4 Re8 12. a3 Bxc3 13. bxc3 e5 14. Bd2 c5 15. Rfe1 Rc8 16. dxe5 Nxe5 17. Qxd8 Rcxd8 18. Bb5 Ned7 19. Rxe8+ Nxe8 20. Bf4 Ndf6 21. a4 Kf8 22. a5 Nd6 23. Rd1 Ke7 24. Bf1 Nde4 25. Rb1 b6 26. axb6 axb6 27. c4 Nd2 28. Bxd2 Rxd2 29. Bd3 Nd7 30. Kf1 Ne5 31. Ke1 Rxd3 32. cxd3 Nxd3+ 33. Kd2 Nb4 34. Ra1 Nc6 35. Kc3 Kd6 36. Ra8 Nd4 37. Ra7 b5 38. Rxf7 b4+ 39. Kd3 Ne6 40. f4 h6 41. g3 g5 42. fxg5 hxg5 43. h4 gxh4 44. gxh4 Ke5 45. h5 Ng5 46. Rc7 Kd6 47. Rg7 Ne6 48. h6 Nf8 49. Rf7 Ng6 50. Rf6+ 1-0

[Event "26th OIBM 2023"]
[Site "Gmund am Tegernsee"]
[Date "2023.10.28"]
[Round "1.9"]
[White "Riewe, Gerhard"]
[Black "Vetoshko, Volodymyr"]
[Result "0-1"]
[ECO "B23"]
[WhiteElo "2089"]
[BlackElo "2499"]
[Annotator "ChessBase"]
[PlyCount "44"]
[EventDate "2023.10.04"]
[EventType "swiss"]
[EventCountry "GER"]
[SourceTitle "playchess.com"]
[Source "ChessBase"]
[SourceQuality "1"]
[TimeControl "40/5400+30:1800+30"]

1. e4 c5 2. Nc3 a6 3. b3 b5 4. Bb2 Bb7 5. d3 e6 6. f4 Be7 7. Nf3 d5 8. Qe2 d4 9. Nd1 Nf6 10. Nf2 Nc6 11. g3 Qa5+ 12. Qd2 Qb6 13. a3 O-O 14. Be2 a5 15. a4 c4 16. dxc4 Bb4 17. c3 dxc3 18. Bxc3 Rfd8 19. Qc1 Bxc3+ 20. Qxc3 Qxf2+ 21. Kxf2 Nxe4+ 22. Ke3 Nxc3 0-1

[Event "26th OIBM 2023"]
[Site "Gmund am Tegernsee"]
[Date "2023.10.28"]
[Round "1.10"]
[White "Gallego Alcaraz, Andres Felipe"]
[Black "Restorff, Felix"]
[Result "1-0"]
[ECO "E04"]
[WhiteElo "2495"]
[BlackElo "2087"]
[Annotator "ChessBase"]
[PlyCount "63"]
[EventDate "2023.10.04"]
[EventType "swiss"]
[EventCountry "GER"]
[SourceTitle "playchess.com"]
[Source "ChessBase"]
[SourceQuality "1"]
[TimeControl "40/5400+30:1800+30"]

1. d4 d5 2. Nf3 Nf6 3. c4 e6 4. g3 dxc4 5. Bg2 c5 6. O-O Nc6 7. Qa4 Bd7 8. Qxc4 b5 9. Qd3 c4 10. Qd1 Rc8 11. Nc3 b4 12. d5 bxc3 13. dxc6 Bxc6 14. Qxd8+ Rxd8 15. bxc3 Be7 16. Be3 Rd7 17. Rfb1 Ng4 18. Rb8+ Bd8 19. Bc5 f6 20. Bh3 h5 21. Nd4 Bd5 22. f3 Ne5 23. Nxe6 Bxe6 24. Bxe6 Rd2 25. Kf1 h4 26. g4 Nd7 27. Bxd7+ Rxd7 28. Rab1 Kf7 29. R1b7 Ke6 30. Rxd7 Kxd7 31. Bxa7 Kc7 32. a4 1-0

[Event "26th OIBM 2023"]
[Site "Gmund am Tegernsee"]
[Date "2023.10.28"]
[Round "1.11"]
[White "Tillmann, Markus"]
[Black "Ghazarian, Kirk"]
[Result "0-1"]
[ECO "E48"]
[WhiteElo "2085"]
[BlackElo "2473"]
[Annotator "ChessBase"]
[PlyCount "121"]
[EventDate "2023.10.04"]
[EventType "swiss"]
[EventCountry "GER"]
[SourceTitle "playchess.com"]
[Source "ChessBase"]
[SourceQuality "1"]
[TimeControl "40/5400+30:1800+30"]

1. d4 Nf6 2. c4 e6 3. Nc3 Bb4 4. e3 O-O 5. Bd3 Re8 6. Nge2 d5 7. a3 Bf8 8. O-O b6 9. b4 a5 10. b5 c5 11. bxc6 Nxc6 12. Bb2 Bb7 13. Rc1 Rc8 14. Qb3 Ba6 15. Nb5 Qd7 16. Rfd1 Na7 17. Nxa7 Qxa7 18. cxd5 exd5 19. Nf4 Bxd3 20. Nxd3 Qa6 21. a4 Rc4 22. Ne5 Rb4 23. Qc2 b5 24. axb5 Rxb5 25. Qd3 Qb7 26. Ba3 Rb3 27. Rc3 Rxc3 28. Qxc3 Ne4 29. Qd3 Bxa3 30. Qxa3 Ra8 31. Nd3 Qb5 32. f3 Nf6 33. Nc5 h5 34. Qd3 Qc6 35. Ra1 Ne8 36. Qc3 Qb5 37. Qb3 Qe2 38. Qd3 Qb2 39. Rb1 Qa2 40. Qb3 Qe2 41. Qd3 Qxd3 42. Nxd3 a4 43. Kf2 Nd6 44. Ke2 a3 45. Ra1 h4 46. Nb4 Rb8 47. Nxd5 Rb2+ 48. Kd3 Rxg2 49. Rxa3 Rxh2 50. Ra8+ Kh7 51. e4 h3 52. Ra1 g5 53. Nf6+ Kg7 54. Ng4 Rg2 55. Rh1 Rg3 56. Ke3 f5 57. exf5 Nxf5+ 58. Ke4 Nh4 59. Ne5 Kf6 60. d5 Nf5 61. Ng4+ 0-1

[Event "26th OIBM 2023"]
[Site "Gmund am Tegernsee"]
[Date "2023.10.28"]
[Round "1.12"]
[White "Vogel, Roven"]
[Black "Schulz, Michael"]
[Result "1-0"]
[ECO "D31"]
[WhiteElo "2471"]
[BlackElo "2221"]
[Annotator "ChessBase"]
[PlyCount "45"]
[EventDate "2023.10.04"]
[EventType "swiss"]
[EventCountry "GER"]
[SourceTitle "playchess.com"]
[Source "ChessBase"]
[SourceQuality "1"]
[TimeControl "40/5400+30:1800+30"]

1. d4 d5 2. c4 c6 3. Nf3 e6 4. Nc3 dxc4 5. g3 b5 6. Bg2 Bb7 7. Ne5 Bb4 8. O-O Qe7 9. a3 Bxc3 10. bxc3 a5 11. a4 Nf6 12. Bd2 O-O 13. Qb1 Nfd7 14. Nxc4 e5 15. axb5 exd4 16. Nxa5 Qxe2 17. Bf4 Rxa5 18. Rxa5 dxc3 19. Rc1 Rd8 20. Rxc3 Nc5 21. Bf3 Ne4 22. Bxe2 Nxc3 23. Qc2 1-0

[Event "26th OIBM 2023"]
[Site "Gmund am Tegernsee"]
[Date "2023.10.28"]
[Round "1.13"]
[White "Butenandt, Svenja"]
[Black "Schneider, Ilja"]
[Result "1/2-1/2"]
[ECO "A90"]
[WhiteElo "2082"]
[BlackElo "2468"]
[Annotator "ChessBase"]
[PlyCount "47"]
[EventDate "2023.10.04"]
[EventType "swiss"]
[EventCountry "GER"]
[SourceTitle "playchess.com"]
[Source "ChessBase"]
[SourceQuality "1"]
[TimeControl "40/5400+30:1800+30"]

1. d4 f5 2. c4 e6 3. Nf3 Nf6 4. g3 d5 5. Bg2 Bd6 6. O-O O-O 7. Bf4 Bxf4 8. gxf4 c6 9. Qc2 Qe7 10. Ne5 Ng4 11. Nd2 Nxe5 12. dxe5 b6 13. cxd5 cxd5 14. Nc4 g5 15. Nd6 Ba6 16. b4 Nd7 17. b5 Bc8 18. Qc6 Rb8 19. Qc7 gxf4 20. Rac1 Ra8 21. Qc6 Rb8 22. Qc7 Ra8 23. Qc6 Rb8 24. Qc7 1/2-1/2

[Event "26th OIBM 2023"]
[Site "Gmund am Tegernsee"]
[Date "2023.10.28"]
[Round "1.14"]
[White "Golubka, Petro"]
[Black "Casadio, Niccolo`"]
[Result "1-0"]
[ECO "C02"]
[WhiteElo "2434"]
[BlackElo "2082"]
[Annotator "ChessBase"]
[PlyCount "57"]
[EventDate "2023.10.04"]
[EventType "swiss"]
[EventCountry "GER"]
[SourceTitle "playchess.com"]
[Source "ChessBase"]
[SourceQuality "1"]
[TimeControl "40/5400+30:1800+30"]

1. e4 e6 2. d4 d5 3. e5 c5 4. c3 Nc6 5. Nf3 Bd7 6. Be2 f6 7. O-O fxe5 8. Nxe5 Nxe5 9. dxe5 Qc7 10. Re1 O-O-O 11. Bf1 Ne7 12. a4 Nc6 13. Na3 a6 14. Nb5 axb5 15. axb5 Nb8 16. c4 dxc4 17. Qa4 Be7 18. Bxc4 Rhf8 19. Qa8 Rf5 20. Ra7 Bg5 21. Bd3 Bc6 22. bxc6 Rxd3 23. Rxb7 Qxe5 24. Rxb8+ Qxb8 25. Qa6+ Kc7 26. Qxd3 Bxc1 27. Qd7+ Kb6 28. c7 Qxc7 29. Rxe6+ 1-0

[Event "26th OIBM 2023"]
[Site "Gmund am Tegernsee"]
[Date "2023.10.28"]
[Round "1.15"]
[White "Schoetzig, Detlef"]
[Black "Meins, Gerlef"]
[Result "0-1"]
[ECO "A46"]
[WhiteElo "2078"]
[BlackElo "2412"]
[Annotator "ChessBase"]
[PlyCount "118"]
[EventDate "2023.10.04"]
[EventType "swiss"]
[EventCountry "GER"]
[SourceTitle "playchess.com"]
[Source "ChessBase"]
[SourceQuality "1"]
[TimeControl "40/5400+30:1800+30"]

1. d4 Nf6 2. Nf3 e6 3. g3 b5 4. Bg2 Bb7 5. O-O c5 6. Bf4 cxd4 7. Qxd4 Nc6 8. Qd3 Nb4 9. Qd1 Rc8 10. c3 Nbd5 11. Bc1 Nb6 12. Nbd2 a6 13. Nb3 Na4 14. Qd4 Be7 15. Rd1 Qb6 16. Ne5 Bxg2 17. Kxg2 Qxd4 18. Rxd4 d6 19. Nf3 h6 20. Rb1 d5 21. Ne5 Ne4 22. f3 Bf6 23. f4 Bxe5 24. fxe5 Nb6 25. Nd2 Nxd2 26. Bxd2 Nc4 27. e4 dxe4 28. Be1 e3 29. Kf3 Ke7 30. b3 Nd2+ 31. Bxd2 exd2 32. Rxd2 Rxc3+ 33. Ke4 Rhc8 34. Rbd1 R8c7 35. Rd6 Rc2 36. R1d2 Rxd2 37. Rxd2 f5+ 38. exf6+ gxf6 39. Rf2 h5 40. Kd4 f5 41. a4 bxa4 42. bxa4 Kd6 43. Rb2 e5+ 44. Kd3 Kd5 45. Rb8 e4+ 46. Kd2 h4 47. Rf8 Ke5 48. Re8+ Kd4 49. Rd8+ Kc4 50. gxh4 Rh7 51. Rf8 Rh5 52. Ra8 Rxh4 53. Rxa6 Kd4 54. Rd6+ Ke5 55. Rd8 Rxh2+ 56. Kd1 Ra2 57. Ra8 Kf4 58. a5 e3 59. a6 Kf3 0-1

[Event "26th OIBM 2023"]
[Site "Gmund am Tegernsee"]
[Date "2023.10.28"]
[Round "1.16"]
[White "Weishaeutel, Moritz"]
[Black "Esswein, Karlheinz"]
[Result "1-0"]
[ECO "B06"]
[WhiteElo "2403"]
[BlackElo "2077"]
[Annotator "ChessBase"]
[PlyCount "45"]
[EventDate "2023.10.04"]
[EventType "swiss"]
[EventCountry "GER"]
[SourceTitle "playchess.com"]
[Source "ChessBase"]
[SourceQuality "1"]
[TimeControl "40/5400+30:1800+30"]

1. d4 d6 2. e4 g6 3. Nc3 Bg7 4. Bg5 a6 5. Qd2 Nd7 6. O-O-O b5 7. Nf3 Bb7 8. Qe1 Qc8 9. e5 Bxf3 10. gxf3 dxe5 11. Bh3 f5 12. dxe5 Nb6 13. f4 Qe6 14. Bg2 c6 15. Qe3 Nd7 16. Nd5 Rc8 17. Nb6 Nxb6 18. Qxb6 Kf7 19. Kb1 Nh6 20. Qb7 Rhe8 21. Rd6 Qc4 22. Bxc6 Kf8 23. Bxe7+ 1-0

[Event "26th OIBM 2023"]
[Site "Gmund am Tegernsee"]
[Date "2023.10.28"]
[Round "1.17"]
[White "Wecker, Martin"]
[Black "Schmider, Niklas"]
[Result "0-1"]
[ECO "E05"]
[WhiteElo "2075"]
[BlackElo "2395"]
[Annotator "ChessBase"]
[PlyCount "54"]
[EventDate "2023.10.04"]
[EventType "swiss"]
[EventCountry "GER"]
[SourceTitle "playchess.com"]
[Source "ChessBase"]
[SourceQuality "1"]
[TimeControl "40/5400+30:1800+30"]

1. d4 Nf6 2. c4 e6 3. Nf3 d5 4. g3 Be7 5. Bg2 O-O 6. O-O dxc4 7. Qc2 a6 8. a4 Bd7 9. Rd1 Bc6 10. Nc3 Nbd7 11. e4 b5 12. d5 exd5 13. e5 Ne4 14. Nxd5 Ndc5 15. Nf6+ gxf6 16. Rxd8 Raxd8 17. Be3 Nb3 18. Rf1 Bc5 19. Bxc5 Nbxc5 20. Qe2 Rfe8 21. Nh4 Rxe5 22. f4 Ree8 23. Rd1 Rd3 24. Nf5 Nf2 25. Ne7+ Rxe7 26. Qxe7 Rxd1+ 27. Kxf2 Nd3+ 0-1

[Event "26th OIBM 2023"]
[Site "Gmund am Tegernsee"]
[Date "2023.10.28"]
[Round "1.18"]
[White "Kargin, Arseny"]
[Black "Schatz, Dieter"]
[Result "1-0"]
[ECO "C10"]
[WhiteElo "2391"]
[BlackElo "2074"]
[Annotator "ChessBase"]
[PlyCount "47"]
[EventDate "2023.10.04"]
[EventType "swiss"]
[EventCountry "GER"]
[SourceTitle "playchess.com"]
[Source "ChessBase"]
[SourceQuality "1"]
[TimeControl "40/5400+30:1800+30"]

1. e4 e6 2. d4 d5 3. Nc3 Nc6 4. Nf3 Nf6 5. Bd3 Bb4 6. O-O Bxc3 7. exd5 exd5 8. bxc3 O-O 9. h3 Re8 10. Bf4 Ne4 11. Re1 Bf5 12. c4 Nb4 13. Qb1 a5 14. Qb3 Rc8 15. cxd5 Nxd5 16. Be5 Ndc3 17. Qxb7 Nd6 18. Bxd6 Bxd3 19. Bxc7 Qd7 20. cxd3 Ne2+ 21. Rxe2 Rxe2 22. Rd1 Rxa2 23. d5 h6 24. d6 1-0

[Event "26th OIBM 2023"]
[Site "Gmund am Tegernsee"]
[Date "2023.10.28"]
[Round "1.19"]
[White "Hanisch, Sebastian"]
[Black "Colpe, Malte"]
[Result "0-1"]
[ECO "D02"]
[WhiteElo "2070"]
[BlackElo "2386"]
[Annotator "ChessBase"]
[PlyCount "76"]
[EventDate "2023.10.04"]
[EventType "swiss"]
[EventCountry "GER"]
[SourceTitle "playchess.com"]
[Source "ChessBase"]
[SourceQuality "1"]
[TimeControl "40/5400+30:1800+30"]

1. d4 Nf6 2. Bf4 d5 3. e3 e6 4. Nf3 Bd6 5. Bg3 O-O 6. Nbd2 b6 7. Ne5 Bb7 8. Bd3 c5 9. c3 Nc6 10. O-O Qc7 11. f4 Ne7 12. Qf3 Nf5 13. Bf2 Be7 14. Ng4 Nxg4 15. Qxg4 Qc8 16. Qe2 a5 17. Rac1 Rd8 18. Rfd1 Qc7 19. Qh5 g6 20. Qh3 Ba6 21. Bb1 h5 22. Nf3 Kg7 23. Ne5 Rac8 24. g4 hxg4 25. Qxg4 Rh8 26. e4 dxe4 27. Bxe4 cxd4 28. Bxf5 exf5 29. Qf3 Bb7 30. Qe2 Rxh2 31. Nf3 Rh3 32. Bxd4+ Kg8 33. Qe5 Rg3+ 34. Kh2 Qxe5 35. Nxe5 Rg2+ 36. Kh3 f6 37. Nd7 Kf7 38. Rg1 Rh8# 0-1

[Event "26th OIBM 2023"]
[Site "Gmund am Tegernsee"]
[Date "2023.10.28"]
[Round "1.20"]
[White "Schachinger, Mario"]
[Black "Wenner, Tobias"]
[Result "1-0"]
[ECO "A36"]
[WhiteElo "2385"]
[BlackElo "2064"]
[Annotator "ChessBase"]
[PlyCount "63"]
[EventDate "2023.10.04"]
[EventType "swiss"]
[EventCountry "GER"]
[SourceTitle "playchess.com"]
[Source "ChessBase"]
[SourceQuality "1"]
[TimeControl "40/5400+30:1800+30"]

1. c4 Nf6 2. Nc3 g6 3. e4 d6 4. g3 Bg7 5. Bg2 c5 6. Nge2 Nc6 7. d3 e5 8. O-O O-O 9. f4 Nd4 10. h3 Nxe2+ 11. Nxe2 exf4 12. Bxf4 Nh5 13. Bc1 Be5 14. g4 Ng7 15. Rb1 Rb8 16. Be3 h5 17. g5 Be6 18. b4 Qd7 19. Rf3 b6 20. Nf4 Kh7 21. Nd5 Bxd5 22. cxd5 f5 23. gxf6 Ne8 24. bxc5 dxc5 25. d4 cxd4 26. Bxd4 Qd6 27. Rc1 Rxf6 28. Rc6 Qe7 29. Rfxf6 Bxf6 30. Re6 Bxd4+ 31. Qxd4 Qg5 32. Qe5 1-0

[Event "26th OIBM 2023"]
[Site "Gmund am Tegernsee"]
[Date "2023.10.28"]
[Round "1.21"]
[White "Semprun Martinez, Fernando"]
[Black "Meissner, Felix"]
[Result "0-1"]
[ECO "D72"]
[WhiteElo "2064"]
[BlackElo "2382"]
[Annotator "ChessBase"]
[PlyCount "124"]
[EventDate "2023.10.04"]
[EventType "swiss"]
[EventCountry "GER"]
[SourceTitle "playchess.com"]
[Source "ChessBase"]
[SourceQuality "1"]
[TimeControl "40/5400+30:1800+30"]

1. d4 Nf6 2. c4 g6 3. g3 Bg7 4. Bg2 d5 5. cxd5 Nxd5 6. e4 Nb6 7. Ne2 e5 8. d5 O-O 9. O-O c6 10. Nbc3 cxd5 11. exd5 f5 12. Be3 Nc4 13. Bc5 Nd6 14. Qb3 Na6 15. Ba3 Rf6 16. Rad1 Bd7 17. f4 e4 18. Nd4 Qb6 19. Qxb6 axb6 20. Bxd6 Rxd6 21. Ndb5 Bxb5 22. Nxb5 Rd7 23. g4 Nb4 24. gxf5 gxf5 25. Bh3 Rf8 26. d6 Nd3 27. Rxd3 exd3 28. Rd1 Bh6 29. Rxd3 Bxf4 30. Rd5 Rg7+ 31. Kf2 Bxh2 32. d7 Bg3+ 33. Kf3 Bh4 34. Bxf5 Rxf5+ 35. Rxf5 Rxd7 36. Kg4 Bd8 37. Nc3 Rd4+ 38. Kf3 Kg7 39. Rb5 Rd6 40. a4 Kg6 41. Nd5 h6 42. b4 Kf7 43. a5 Ke6 44. Ke4 Kd7 45. axb6 Re6+ 46. Kd4 h5 47. Ra5 Rxb6 48. Ra2 Rh6 49. Ra7 Bb6+ 50. Nxb6+ Rxb6 51. Kc5 Rc6+ 52. Kb5 Kc7 53. Ra3 Rh6 54. Rh3 h4 55. Rc3+ Kb8 56. Rh3 Rh7 57. Kb6 Rh5 58. b5 Rh6+ 59. Kc5 b6+ 60. Kd5 Kc7 61. Ke5 Kd7 62. Kf5 Kd6 0-1

[Event "26th OIBM 2023"]
[Site "Gmund am Tegernsee"]
[Date "2023.10.28"]
[Round "1.22"]
[White "Morawietz, Dieter"]
[Black "Pollmann, Sascha"]
[Result "1-0"]
[ECO "B38"]
[WhiteElo "2378"]
[BlackElo "2061"]
[Annotator "ChessBase"]
[PlyCount "79"]
[EventDate "2023.10.04"]
[EventType "swiss"]
[EventCountry "GER"]
[SourceTitle "playchess.com"]
[Source "ChessBase"]
[SourceQuality "1"]
[TimeControl "40/5400+30:1800+30"]

1. e4 c5 2. Nf3 g6 3. d4 cxd4 4. Nxd4 Bg7 5. c4 Nc6 6. Be3 Nf6 7. Nc3 O-O 8. Be2 d6 9. O-O Bd7 10. h3 Nxd4 11. Bxd4 Bc6 12. Qc2 a5 13. Rad1 Qc7 14. f4 Nd7 15. Be3 Nc5 16. Nd5 Bxd5 17. Rxd5 e6 18. Rd2 Rfd8 19. Bf3 Rac8 20. Qd1 b6 21. g4 Qe7 22. g5 d5 23. cxd5 exd5 24. e5 Bxe5 25. fxe5 Qxe5 26. Re2 d4 27. Bd2 Qg3+ 28. Bg2 Ne6 29. Rxe6 fxe6 30. Bf4 Qh4 31. Qb3 Re8 32. Bd5 Rc5 33. Bxe6+ Kh8 34. Qxb6 Rxg5+ 35. Kh1 Rf5 36. Bxf5 gxf5 37. Qxd4+ Kg8 38. Rg1+ Kf7 39. Rg7+ Ke6 40. Qe5# 1-0

[Event "26th OIBM 2023"]
[Site "Gmund am Tegernsee"]
[Date "2023.10.28"]
[Round "1.23"]
[White "Mueller, Kai-Markus"]
[Black "Hess, Max"]
[Result "0-1"]
[ECO "A09"]
[WhiteElo "2179"]
[BlackElo "2378"]
[Annotator "ChessBase"]
[PlyCount "68"]
[EventDate "2023.10.04"]
[EventType "swiss"]
[EventCountry "GER"]
[SourceTitle "playchess.com"]
[Source "ChessBase"]
[SourceQuality "1"]
[TimeControl "40/5400+30:1800+30"]

1. Nf3 d5 2. c4 d4 3. b4 g5 4. h3 Bg7 5. Nxg5 e5 6. d3 Ne7 7. g3 O-O 8. Bg2 h6 9. Ne4 f5 10. Nc5 e4 11. Bb2 a5 12. dxe4 f4 13. gxf4 Rxf4 14. e3 Rxf2 15. Kxf2 dxe3+ 16. Kxe3 Qxd1 17. Rxd1 Bxb2 18. Nd2 Bxa1 19. Rxa1 axb4 20. e5 Nbc6 21. e6 Ra3+ 22. Kf2 b6 23. Nd7 Bxd7 24. exd7 Rd3 25. Ne4 Kf7 26. Bf3 Rxd7 27. Bh5+ Ng6 28. Ke3 Nce5 29. Rf1+ Kg7 30. Nf6 Nxc4+ 31. Ke4 Nd2+ 32. Kf5 Rf7 33. Ke6 Re7+ 34. Kf5 Rd7 0-1